 Dungeon Crawl Stone Soup version 0.27-a0-1202-ge72e49191c (webtiles) character file.

Game seed: 12389335827045944755

8031 Delamore the Spear-Bearer (level 11, -2/80 HPs)
             Began as a Formicid Fighter on June 4, 2021.
             Was an Initiate of Gozag.
             Slain by a tengu warrior
             ... wielding a +0 great mace
              (25 damage)
             ... on level 8 of the Dungeon.
             The game lasted 00:14:32 (12195 turns).

Delamore the Spear-Bearer (Formicid Fighter)       Turns: 12195, Time: 00:14:33

Health: -2/80      AC:  9    Str: 24    XL:     11   Next: 48%
Magic:  11/11      EV:  9    Int:  8    God:    Gozag
Gold:   1524       SH: 12    Dex: 10    Spells: 10/10 levels left

rFire    + . .     SeeInvis +   C - +1 glaive (flame)
rCold    . . .     Faith    .   c - +1 kite shield
rNeg     . . .     Spirit   .   b - +0 scale mail
rPois    .         Reflect  .   (helmet unavailable)
rElec    .         Harm     .   (no cloak)
rCorr    +         Rampage  .   l - +0 pair of gloves
Will     +....                  q - +0 pair of boots
Stlth    ..........             (no amulet)
HPRegen  0.23/turn              v - ring of resist corrosion
MPRegen  0.12/turn              o - ring of protection from fire

@: mighty
A: permanent stasis, dig shafts and tunnels, antennae 3, four strong arms
a: Dig, Shaft Self, Renounce Religion, Potion Petition, Call Merchant, Bribe
Branch


You were on level 8 of the Dungeon.
You worshipped Gozag.
Gozag was most pleased with you.
You visited 1 branch of the dungeon, and saw 8 of its levels.
You also visited: Ossuary.

You collected 1549 gold pieces.
You paid 25 gold pieces to Gozag.

Inventory:

Hand Weapons
 a - a +1 trident
 C - a +1 glaive of flaming (weapon)
Missiles
 e - a boomerang of dispersal
 p - 6 javelins
 x - 14 poisoned darts (quivered)
Armour
 b - a +0 scale mail (worn)
 c - a +1 kite shield (worn)
 l - a +0 pair of gloves (worn)
 q - a +0 pair of boots (worn)
Jewellery
 j - a +6 ring of dexterity
 o - a ring of protection from fire (right hand)
 s - a ring of positive energy
 t - a ring of ice
 v - a ring of resist corrosion (left hand)
 D - a ring of positive energy
Wands
 h - a wand of digging (8)
 w - a wand of polymorph (8)
 y - a wand of flame (21)
 B - a wand of acid (13)
Scrolls
 f - 8 scrolls of amnesia
 k - a scroll of identify
 A - 2 scrolls of enchant weapon
 F - a scroll of immolation
 I - 2 scrolls of magic mapping
Potions
 d - a potion of might
 g - 2 potions of brilliance
 i - 4 potions of curing
 m - a potion of resistance
 n - 2 potions of lignification {unknown}
 r - 2 potions of magic {unknown}
 u - a potion of heal wounds
 z - 2 potions of ambrosia {unknown}
 E - a potion of flight {unknown}
 G - a potion of cancellation {unknown}
 H - a potion of haste {unknown}


   Skills:
 + Level 5.4 Fighting
 + Level 14.1 Polearms
 - Level 6.0 Throwing
 + Level 3.9 Armour
 - Level 7.0 Shields


You had 10 spell levels left.
You didn't know any spells.
Your spell library contained the following spells:

 Spells                   Type           Power      Damage    Failure   Level
 Corona                   Hex            0%         N/A       85%         1
 Foxfire                  Conj/Fire      0%         2x1d4     85%         1
 Ensorcelled Hibernation  Hex/Ice        0%         N/A       94%         2
 Slow                     Hex            0%         N/A       94%         2
 Confusing Touch          Hex            0%         N/A       99%         3
 Conjure Flame            Conj/Fire      0%         6-21      99%         3
 Dazzling Flash           Conj/Hex       0%         N/A       99%         3
 Inner Flame              Hex/Fire       0%         N/A       99%         3
 Portal Projectile        Hex/Tloc       0%         N/A       99%         3
 Tukima's Dance           Hex            0%         N/A       99%         3
 Cause Fear               Hex            0%         N/A       100%        4
 Leda's Liquefaction      Hex/Erth       0%         N/A       100%        4
 Sticky Flame             Conj/Fire      0%         2d3       100%        4
 Fireball                 Conj/Fire      0%         3d3       100%        5


Dungeon Overview and Level Annotations

Branches:
Dungeon (8/15)             Temple (0/1) D:5            Lair (0/6) D:8
Ossuary (visited)

Altars:
Fedhas
Gozag
Hepliaklqana
Kikubaaqudgha
Makhleb
Sif Muna
Xom
Yredelemnul
Zin

Shops:
D:5 (

Annotations:
D:6 2 transporters, EldarEldrad's ghost, novice DEFE


Innate Abilities, Weirdness & Mutations

You cannot be hasted, slowed, berserked, paralysed or teleported.
You can dig through walls and to a lower floor.
You have a pair of large antennae on your head. (SInv)
Your four strong arms can wield two-handed weapons with a shield.


Message History

* * * LOW HITPOINT WARNING * * *
You are splashed with acid!
You resist.
* * * LOW HITPOINT WARNING * * *
You feel much better. You block the acid dragon's attack.
The acid dragon barely misses you.
You closely miss the acid dragon.
The acid dragon is moderately wounded.
A tengu warrior comes into view.
It is wielding a +0 great mace and wearing the amulet "Tarromoinwi" {Acrobat rF- Int+2 Dex+7 Slay+2}.
You block the acid dragon's attack.
The acid dragon claws you but does no damage.
You extend your mandibles.
You can't dig through that.
Reach: C) +1 glaive (flame)
Press: ? - help, Dir - move target, f/p - acid dragon
Aim: an acid dragon shaped shifter (moderately wounded, catching its breath, about 38% to evade your +1 glaive of flaming)
Okay, then.
Okay, then.
You feel very mighty all of a sudden. You block the acid dragon's attack.
The acid dragon claws you but does no damage.
You slash the acid dragon! You burn the acid dragon.
The acid dragon is almost dead.
You block the tengu warrior's attack. The tengu warrior barely misses you.
You block the tengu warrior's attack. The acid dragon bites you!
You block the acid dragon's attack.
You barely miss the acid dragon.
The acid dragon is almost dead.
You block the tengu warrior's attack. x2; The tengu warrior barely misses you.
The acid dragon closely misses you.
The acid dragon claws you but does no damage.
The tengu warrior hits you with a +0 great mace!
The tengu warrior pecks you.
* * * LOW HITPOINT WARNING * * *
You block the tengu warrior's attack.
You barely miss the acid dragon.
The acid dragon is almost dead.
You block the acid dragon's attack. x2
The tengu warrior hits you with a +0 great mace!!
You die...
Your body crumbles into a pile of gold.

##....)##{ ##..#.###.........#
.#.##### #.#.#.#........<##
.##..## ## ###..###...##..<##
..###.# #=#.####.#...###..##
#.##.## { #.####.##...###...##
#..#.#+ #u..#..'#.#..####.....##
...##.## ########$##.## #......#
#..##..# #Q.#..# #.......
....##.#########@##.## ##......
.....##....##..D##..### #......
......#.##.#.##.#.....# #......
......###.##.#.##.###.# ####...
...)#..#..#.##.#....#.########.#.
....##.##.#.#.##....# ..[......#.
.#.###..#..##.#...#.# #########..
.#.# ##.##.#.##.###.# #.... .#.
#..###.#..# #.# #.#..


You could see a tengu warrior and an acid dragon shaped shifter.

Vanquished Creatures
  A boulder beetle (D:8)
  A centaur warrior (D:8)
  3 death yaks
  Pikel (D:6)
  An ugly thing (D:8)
  Maggie (D:7)
  Grinder (D:5)
  A slime creature (D:8)
  A basilisk (D:8)
  2 steam dragons
  Menkaure (Ossuary)
  2 acid dragons
  An orc warrior (D:5)
  2 ice beasts
  2 sky beasts
  A black bear (D:6)
  A necrophage (D:6)
  2 centaurs (D:7)
  A bullfrog (D:6)
  A kobold brigand (D:7)
  6 killer bees (D:7)
  6 wights
  4 howler monkeys
  3 centaur zombies
  2 hounds
  2 jellies
  2 orc priests
  2 gnoll shamans
  A bullfrog skeleton (D:6)
  3 iguanas
  Ijyb (D:5)
  2 orc wizards
  A hell rat (D:8)
  A killer bee zombie (D:6)
  4 mummies
  18 gnolls
  A howler monkey skeleton (D:5)
  9 adders
  A shadow imp (D:6)
  A white imp (D:6)
  An ufetubus (D:4)
  2 worms
  A dart slug (D:2)
  20 orcs
  8 endoplasms
  4 giant cockroaches
  6 gnoll zombies (Ossuary)
  6 hobgoblins
  12 jackals
  7 quokkas
  6 ball pythons
  5 bats
  7 frilled lizards
  4 gnoll skeletons (Ossuary)
  7 goblins
  3 goblin skeletons (Ossuary)
  4 goblin zombies (Ossuary)
  6 hobgoblin skeletons (Ossuary)
  3 hobgoblin zombies (Ossuary)
  30 kobolds
  2 kobold skeletons (Ossuary)
  3 kobold zombies (Ossuary)
  3 orc skeletons (Ossuary)
  3 orc zombies (Ossuary)
  2 rats
  5 rat skeletons (Ossuary)
  6 rat zombies (Ossuary)
263 creatures vanquished.

Vanquished Creatures (others)
  2 rat skeletons (Ossuary)
  12 plants (D:7)
14 creatures vanquished.

Grand Total: 277 creatures vanquished

Notes
Turn   | Place    | Note
-------+----------+-------------------------------------------
     0 | D:1      | Delamore the Formicid Fighter began the quest for the Orb.
     0 | D:1      | Reached XP level 1. HP: 18/18 MP: 1/1
   197 | D:1      | Reached XP level 2. HP: 24/24 MP: 2/2
  1030 | D:1      | Reached XP level 3. HP: 17/29 MP: 3/3
  1289 | D:1      | Reached skill level 3 in Polearms
  1643 | D:2      | Reached XP level 4. HP: 31/37 MP: 4/4
  2250 | D:2      | Found a shimmering altar of Xom.
  2386 | D:2      | Reached XP level 5. HP: 37/42 MP: 5/5
  2904 | D:3      | Reached skill level 4 in Polearms
  3544 | D:4      | Found an opulent altar of Gozag.
  3550 | D:4      | Became a worshipper of Gozag Ym Sagoz the Greedy
  3605 | D:4      | Noticed an ogre
  3726 | D:4      | Reached XP level 6. HP: 37/49 MP: 6/6
  3855 | D:4      | Found a hazy altar of Hepliaklqana.
  4002 | D:5      | Entered Level 5 of the Dungeon
  4002 | D:5      | Noticed Grinder
  4019 | D:4      | Reached skill level 5 in Shields
  4605 | D:4      | Reached skill level 5 in Polearms
  4732 | D:4      | Found a burning altar of Makhleb.
  4767 | D:4      | Reached XP level 7. HP: 39/55 MP: 7/7
  5027 | D:4      | Reached skill level 5 in Fighting
  5265 | D:5      | Killed Grinder
  5266 | D:5      | Reached skill level 6 in Polearms
  5391 | D:5      | Noticed Ijyb
  5403 | D:5      | Killed Ijyb
  5424 | D:5      | Found a shimmering blue altar of Sif Muna.
  5498 | D:5      | Reached XP level 8. HP: 62/62 MP: 8/8
  5721 | D:5      | Found Tamaduq's Antique Weapon Shoppe.
  5775 | D:5      | Reached skill level 7 in Polearms
  5828 | D:5      | Found a staircase to the Ecumenical Temple.
  5928 | D:5      | Found a glowing silver altar of Zin.
  6139 | D:6      | Noticed Pikel
  6156 | D:6      | Killed Pikel
  6157 | D:6      | Reached skill level 9 in Polearms
  6157 | D:6      | Reached XP level 9. HP: 60/68 MP: 9/9
  6464 | D:6      | Reached skill level 10 in Polearms
  6755 | D:6      | Found a blossoming altar of Fedhas.
  6772 | D:6      | Found a transporter.
  6795 | D:6      | Noticed EldarEldrad's ghost (novice DEFE)
  6797 | D:6      | Found a transporter.
  7867 | D:7      | Reached skill level 11 in Polearms
  8265 | D:7      | Reached XP level 10. HP: 56/74 MP: 10/10
  8353 | D:7      | Noticed Maggie
  8557 | D:7      | Killed Maggie
  8666 | D:7      | Reached skill level 12 in Polearms
  9557 | D:7      | Found a glowing silver altar of Zin.
  9560 | D:7      | Found an opulent altar of Gozag.
  9560 | D:7      | Found an ancient bone altar of Kikubaaqudgha.
  9562 | D:7      | Found a shimmering altar of Xom.
  9562 | D:7      | Found a basalt altar of Yredelemnul.
  9562 | D:7      | Found a shimmering altar of Xom.
  9827 | D:8      | Noticed a death yak
  9827 | D:8      | Noticed a death yak
  9925 | D:8      | Reached skill level 1 in Throwing
 10104 | D:8      | Found a sand-covered staircase.
 10153 | Ossuary  | Entered an ossuary
 10615 | Ossuary  | Noticed Menkaure
 10619 | Ossuary  | Killed Menkaure
 10926 | D:8      | Noticed a death yak
 10930 | D:8      | Killed a death yak
 10937 | D:8      | Found a staircase to the Lair.
 10973 | D:7      | Killed a death yak
 10974 | D:7      | Reached skill level 13 in Polearms
 11294 | D:8      | Killed a death yak
 11295 | D:8      | Reached XP level 11. HP: 28/79 MP: 11/11
 12033 | D:8      | Noticed a centaur warrior
 12033 | D:8      | Noticed a brown ugly thing
 12044 | D:8      | Killed a centaur warrior
 12045 | D:8      | Reached skill level 14 in Polearms
 12045 | D:8      | Reached skill level 5 in Throwing
 12053 | D:8      | Killed a brown ugly thing
 12053 | D:8      | Noticed a boulder beetle
 12064 | D:8      | Killed a boulder beetle
 12191 | D:8      | Identified the amulet "Tarromoinwi" {Acrobat rF- Int+2
                  | Dex+7 Slay+2}
 12191 | D:8      | Noticed a tengu warrior
 12195 | D:8      | Slain by a tengu warrior

Illustrated notes

Levels and vault maps discovered:
D:1:      ebering_hopf_link, layout_basic, st_stairs_3
D:2:      minmay_inner_zag, layout_basic, basic_altar,
          minmay_misc_feat_secret_circle, kennysheep_generic_room_7
D:3:      layout_loops_cross, chequers_garden
D:4:      layout_cave_pools, grunt_gozag_breadcrumbs, kennysheep_mini,
          nicolae_overflow_crystal_walls, grunt_ministairs_4, minmay_cupped
D:5:      layout_rooms, kennysheep_little_box, old_standard_altar,
          minmay_temple_entry_gardened_gates, serial_shops,
          nicolae_shop_behind_doors, uniq_ijyb, uniq_grinder
D:6:      layout_basic, lemuel_coloured_pillars_altar, serial_curves,
          eino_curves_02, eino_curves_04, gammafunk_ghost_arena, uniq_pikel
D:7:      kennysheep_kobold_camp, layout_rooms, doesnt_xom_only_xom, uniq_maggie
D:8:      minmay_the_grid_triangle_9x9_recursive_2
          [minmay_the_grid_triangle_9x9_prize_special,
          minmay_the_grid_triangle_9x9_impossible_snake,
          minmay_the_grid_triangle_9x9_corruption,
          minmay_the_grid_triangle_9x9_longest], layout_loops_ring,
          dpeg_lair_monsters, gup_ossuary_entry_pyramid, minmay_misc_feat_tiny,
          nicolae_island_escapes

Skill      XL: |  1  2  3  4  5  6  7  8  9 10 11 |
---------------+----------------------------------+-----
Polearms       | 3 4 5 6 9 11 13 14 | 14.1
Shields        | 4 5 6 7 |  7.0
Fighting       | 4 5 |  5.4
Throwing       | 4 6 |  6.0
Armour         | |  3.9

Action                   |  1- 3 |  4- 6 |  7- 9 | 10-12 || total
-------------------------+-------+-------+-------+-------++-------
Melee: Trident           |   128 |   319 |   322 |   184 ||   953
       Glaive            |       |       |       |   173 ||   173
Throw: Javelin           |       |     2 |    12 |     2 ||    16
       Dart              |       |     4 |     8 |    15 ||    27
       Boomerang         |       |     1 |       |       ||     1
 Abil: Dig               |       |     2 |     2 |     3 ||     7
Evoke: Wand              |       |       |       |     3 ||     3
  Use: Scroll            |     4 |     7 |     1 |     4 ||    16
       Potion            |       |     1 |     2 |     6 ||     9
 Stab: Distracted        |       |     1 |     1 |     1 ||     3
Armor: Scale mail        |    56 |    98 |    71 |    65 ||   290
       Skin              |       |       |     4 |       ||     4
Dodge: Dodged            |    36 |    99 |    97 |    75 ||   307
Block: Kite shield       |    57 |   197 |   187 |   132 ||   573

Table legend: (Time is in decaauts)
 A = Elapsed time spent in this place.
 B = Non-inter-level travel time spent in this place.
 C = Inter-level travel time spent in this place.
 D = Time resting spent in this place.
 E = Time spent auto-exploring this place.
 F = Levels seen in this place.
 G = Mean time per level.
                   A        B        C        D        E       F      G
               +--------+--------+--------+--------+--------+-----+--------+
         Total |  12297 |  12011 |    286 |   2784 |   6725 |   9 | 1366.3 |
       Dungeon |  11613 |  11327 |    286 |   2784 |   6296 |   8 | 1451.6 |
       Ossuary |    683 |    683 |      0 |      0 |    429 |   1 |  683.0 |
               +--------+--------+--------+--------+--------+-----+--------+

Top non-repeatable levels by time:
     D:6: 2335 daAuts
     D:7: 1887 daAuts
     D:1: 1860 daAuts
     D:4: 1567 daAuts
     D:8: 1302 daAuts
     D:2: 1116 daAuts
     D:5: 856 daAuts
     D:3: 686 daAuts
 Ossuary: 683 daAuts
